 Dungeon Crawl Stone Soup version 0.30-a0-634-g8abc85282e (webtiles) character file.

Game seed: 14090321913683634871

5 themarg the Ruffian (level 1, 0/18 HPs)
             Began as a Naga Transmuter on Jan 14, 2023.
             Slain by a jackal (3 damage)
             ... on level 1 of the Dungeon.
             The game lasted 00:01:11 (265 turns).

themarg the Ruffian (Naga Transmuter)                Turns: 265, Time: 00:01:12

Health: 0/18       AC:  1    Str: 12    XL:     1   Next: 80%
Magic:  2/3        EV:  9    Int: 13    God:
Gold:   23         SH:  0    Dex: 11    Spells: 3/4 levels left

rFire   . . .      SeeInvis +      - Unarmed
rCold   . . .      Faith    .    (no shield)
rNeg    . . .      Spirit   .    a - +0 robe
rPois   +          Reflect  .    (helmet currently unavailable)
rElec   .          Harm     .    (no cloak)
rCorr   .          Rampage  .    (no gloves)
Will    .....                    (no barding)
Stlth   +                        (no amulet)
HPRegen 0.23/turn                (no ring)
MPRegen 0.08/turn                (no ring)

@: appendages (expiring), very slow
A: horns 2, AC +0, large, see invisible, deformed body, poison resistance,
slowness 2, spit poison 1, naga tail 1
a: Spit Poison, End Transformation


You were on level 1 of the Dungeon.
You had temporarily grown beastly horns.
You visited 1 branch of the dungeon, and saw 1 of its levels.

You collected 23 gold pieces.

Inventory:

Missiles
 d - 4 stones
Armour
 a - a +0 robe (worn)
Jewellery
 c - a +4 ring of protection
Scrolls
 e - a scroll of identify {unknown}
 f - a scroll of amnesia {unknown}
Potions
 b - a potion of lignification


   Skills:
 + Level 1.1 Fighting
 - Level 1.6 Dodging
 + Level 0.4 Stealth
 + Level 3.0 Unarmed Combat
 + Level 2.0 Spellcasting
 + Level 2.1 Transmutations


You had 3 spell levels left.
You knew the following spells:

 Your Spells              Type           Power      Damage    Failure   Level
a - Beastly Appendage     Tmut           12%        N/A       11%         1

Your spell library contained the following spells:

 Spells                   Type           Power      Damage    Failure   Level
 Wereblood                Tmut           6%         N/A       16%         2
 Spider Form              Tmut/Pois      4%         N/A       45%         3
 Ice Form                 Ice/Tmut       4%         N/A       86%         4


Dungeon Overview and Level Annotations

Branches:
Dungeon (1/15)

Altars:


Innate Abilities, Weirdness & Mutations

You have temporarily grown beastly horns.
Your serpentine skin is tough. (AC +0)
You have supernaturally acute eyesight. (SInv)
Armour fits poorly on your strangely shaped body.
Your system is resistant to poisons. (rPois)
You cover ground very slowly.
You can spit poison.
You have a snake-like lower body.


Message History

You closely miss the jackal. Your headbutt misses the jackal.
The jackal is almost dead.
The jackal bites you.
You closely miss the jackal.
The jackal is almost dead.
You have got your breath back.
The jackal barely misses you. The jackal bites you.
You hit the jackal but do no damage.
The jackal is almost dead.
The jackal bites you.
You hit the jackal but do no damage. Your headbutt misses the jackal.
Your punch misses the jackal.
The jackal is almost dead.
The jackal bites you.
You barely miss the jackal. Your headbutt misses the jackal.
The jackal is almost dead.
Your horns disappear.
The jackal barely misses you.
The jackal bites you but does no damage.
You grow a pair of large bovine horns.
Your transformation is almost over.
The jackal closely misses you.
You hit the jackal but do no damage.
The jackal is almost dead.
The jackal stops to sniff the ground.
The jackal barely misses you.
You closely miss the jackal.
The jackal is almost dead.
The jackal bites you.
* * * LOW HITPOINT WARNING * * *
The jackal barely misses you.
You hit the jackal.
You kill the jackal!
You hit the jackal.
You headbutt the jackal, but do no damage.
The jackal is almost dead.
The jackal bites you.
* * * LOW HITPOINT WARNING * * *
The jackal bites you.
You die...

#...#...#.'.>.#..
####.#.#...#.#...#..
#......##'##.#####..
#.####.............# #
#.#####.##'##.. #
#.#...#.#...#.. ###.#
##.#...'.#.<.#..
#..$..###..#...#.#...#..
#.....h@...#####.#####..
......####..............
..... #..#######.###.
.... #..# #.# #. .##
...# #.# #. ##.# #.# #.
.# #.# #. .# #># #. #.#
.


You could see a jackal.

Vanquished Creatures
  A goblin (D:1)
  2 jackals (D:1)
  A bat (D:1)
  A frilled lizard (D:1)
5 creatures vanquished.

Notes
Turn   | Place    | Note
-------+----------+-------------------------------------------
     0 | D:1      | themarg the Naga Transmuter began the quest for the Orb.
     0 | D:1      | Reached XP level 1. HP: 18/18 MP: 3/3
   265 | D:1      | Slain by a jackal

Illustrated notes

Levels and vault maps discovered:
D:1:      minmay_arrival_four_houses, layout_loops_ring

Action                   || total
-------------------------++-------
Melee: Unarmed           ||    25
       Headbutt          ||     2
 Cast: Beastly Appendage ||     4
 Abil: Spit Poison       ||     1
Armor: Robe              ||     2
Dodge: Dodged            ||    12

Table legend: (Time is in decaauts)
 A = Elapsed time spent in this place.
 B = Non-inter-level travel time spent in this place.
 C = Inter-level travel time spent in this place.
 D = Time resting spent in this place.
 E = Time spent auto-exploring this place.
 F = Levels seen in this place.
 G = Mean time per level.
                   A        B        C        D        E       F      G
               +--------+--------+--------+--------+--------+-----+--------+
         Total |    326 |    326 |      0 |      0 |    275 |   1 |  326.0 |
       Dungeon |    326 |    326 |      0 |      0 |    275 |   1 |  326.0 |
               +--------+--------+--------+--------+--------+-----+--------+

Top non-repeatable levels by time:
     D:1: 326 daAuts
